 Dungeon Crawl Stone Soup version 0.23.2-40-g277498a (webtiles) character file.

Game seed: 13947127756316112757

20216 CrazyJ the Summoner (level 12, -4/100 HPs)
             Began as a Pale Draconian Summoner on Sept 21, 2019.
             Was a High Priest of Dithmenos.
             Killed from afar by a guardian golem (30 damage)
             ... with an exploding inner flame
             ... summoned by the player character
             ... hexed by INVALID YOU_FAULTLESS
             ... in an ice cave.
             The game lasted 02:01:18 (17611 turns).

CrazyJ the Summoner (Pale Draconian Summoner)      Turns: 17611, Time: 02:01:19

Health: -4/100     AC: 20    Str:  6    XL:     12   Next: 43%
Magic:  9/21       EV: 15    Int: 21    God:    Dithmenos [*****.]
Gold:   695        SH:  5    Dex: 14    Spells: 0/23 levels left

rFire    x . .     SeeInvis .   s - +9 short sword (venom)
rCold    + + .     Gourm    .   d - +0 buckler
rNeg     + . .     Faith    .   (armour unavailable)
rPois    +         Spirit   .   (helmet restricted)
rElec    +         Reflect  .   l - +0 cloak
rCorr    .         Harm     .   J - +2 pair of gloves {Dex+3}
MR       +....                  u - +2 pair of boots
Stlth    +++++.....             t - amulet of magic regeneration
HPRegen  0.26/turn              F - ring of Fatigue {rElec rC+ MR+ AC+5}
MPRegen  0.42/turn              M - ring "Ycluasmu" {Ice rElec rPois rN+ Str-5}

@: wreathed by umbra
A: breathe steam, unfitting armour, cold-blooded, AC +8
a: Breathe Steam, Shadow Step, Shadow Form, Renounce Religion


You were in an ice cave.
You worshipped Dithmenos.
Dithmenos was extremely pleased with you.
You were hungry.

You visited 3 branches of the dungeon, and saw 15 of its levels.
You also visited: Bailey and Ice Cave.

You collected 695 gold pieces.

Inventory:

Hand Weapons
 q - a +3 rapier
 s - a +9 short sword of venom (weapon)
 z - a +0 quick blade
 I - a +0 hunting sling
 K - the +5 dagger of the Sun {pierce, Fragile rC+ MR++}
   (You found it on level 2 of the Lair of Beasts)

   It inflicts extra damage upon your enemies.
   It protects you from cold.
   It affects your resistance to hostile enchantments.
   It will be destroyed if unequipped.
 L - a +1 double sword of holy wrath
 P - a +1 demon trident of freezing
Missiles
 a - 37 poisoned needles
 c - 355 stones (quivered)
 e - 41 tomahawks of returning
 p - 10 javelins
 x - 136 sling bullets
 E - a throwing net
Armour
 d - a +0 buckler (worn)
 l - a +0 cloak (worn)
 u - a +2 pair of boots (worn)
 J - a +2 pair of gloves of dexterity (worn)
Magical Staves
 C - an uncursed staff of air
Jewellery
 r - an uncursed ring of ice
 t - an amulet of magic regeneration (around neck)
 y - an uncursed ring of see invisible
 A - an uncursed ring of wizardry
 F - the ring of Fatigue (left hand) {rElec rC+ MR+ AC+5}
   (You acquired it on level 10 of the Dungeon)

   [ring of protection]

   It affects your AC (+5).
   It protects you from cold.
   It insulates you from electricity.
   It affects your resistance to hostile enchantments.
 M - the ring "Ycluasmu" (right hand) {Ice rElec rPois rN+ Str-5}
   (You acquired it on level 10 of the Dungeon)

   [ring of ice]

   It enhances your ice magic.
   It affects your strength (-5).
   It makes you vulnerable to fire.
   It protects you from cold.
   It insulates you from electricity.
   It protects you from poison.
   It protects you from negative energy.
Wands
 k - a wand of paralysis (3)
 B - a wand of digging (11)
 D - a wand of polymorph (17)
 H - a wand of iceblast (9)
 N - a wand of disintegration (11)
Scrolls
 g - 5 scrolls of identify
 i - 7 scrolls of remove curse
 o - 5 scrolls of teleportation
 O - a scroll of enchant armour
Potions
 f - a potion of brilliance
 h - a potion of magic
 j - a potion of curing
 m - a potion of flight
 n - 2 potions of might {unknown}
 w - a potion of ambrosia {unknown}
 G - 2 potions of haste
Miscellaneous
 v - a phantom mirror
Comestibles
 b - 16 rations


   Skills:
 + Level 7.5 Fighting
 + Level 7.4 Short Blades
 - Level 0.6 Polearms
 + Level 6.2 Dodging
 + Level 6.7 Stealth
 - Level 5.1 Shields
 + Level 6.4 Spellcasting
 + Level 5.3 Hexes
 + Level 9.5 Summonings
 + Level 4.7 Ice Magic
 + Level 6.1 Air Magic
 + Level 3.3 Invocations


You couldn't memorise any spells.
You knew the following spells:

 Your Spells              Type           Power        Failure   Level  Hunger
a - Summon Small Mammal   Summ           ####         1%          1    None
b - Call Imp              Summ           #####...     1%          2    None
c - Call Canine Familiar  Summ           #####...     1%          3    #......
d - Summon Guardian Gole  Hex/Summ       #####...     1%          3    #......
e - Summon Lightning Spi  Summ/Air       #####...     3%          4    ###....
f - Summon Ice Beast      Ice/Summ       ######..     4%          4    ###....
g - Confusing Touch       Hex            ####..       1%          1    None
h - Summon Mana Viper     Hex/Summ       #####...     12%         5    #####..

Your spell library contained the following spells:

 Spells                   Type           Power        Failure   Level  Hunger
 Summon Butterflies       Summ           #####...     1%          1    None
 Animate Skeleton         Necr           N/A          10%         1    None
 Apportation              Tloc           #.....       10%         1    None
 Silence                  Hex/Air        ####......   24%         5    #####..
 Summon Hydra             Summ           #####.....   83%         7    #######
 Conjure Ball Lightning   Conj/Air       ###.......   99%         6    ######.
 Deflect Missiles         Chrm/Air       ###.......   99%         6    ######.
 Tornado                  Air            ####......   100%        9    #######


Dungeon Overview and Level Annotations

Branches:
Dungeon (11/15)            Temple (1/1) D:7            Lair (3/6) D:11
    Orc (0/2) D:10
  Swamp: Lair:2-4    Shoals: Lair:2-4     Snake: Lair:2-4    Spider: Lair:2-4

Altars:
Ashenzari
Cheibriados
Dithmenos
Elyvilon
Fedhas
Gozag
Hepliaklqana
Kikubaaqudgha
Makhleb
Nemelex Xobeh
Okawaru
Qazlal
Ru
Sif Muna
Trog
Uskayaw
Vehumet
Wu Jian
Xom
Yredelemnul
Zin
The Shining One
Lugonu

Shops:
D:11 [

Annotations:
D:9 5 transporters
D:11 Harold
Lair:1 exclusion: oklob plant


Innate Abilities, Weirdness & Mutations

You can breathe blasts of scalding, opaque steam.
Your pale cyan-grey scales are hard. (AC +8)
You cannot fit into any form of body armour.
You are cold-blooded and may be slowed by cold attacks.


Message History

The ice devil completely resists.
Your guardian golem is engulfed in freezing vapours.
The ice devil hits your ice beast. The ice devil freezes your ice beast.
Your ice beast completely resists.
You hit the ice devil but do no damage.
The ice devil appears confused.
The ice devil is almost dead.
Your shadow barely misses the ice devil.
You are engulfed in freezing vapours.
You resist.
* * * LOW HITPOINT WARNING * * *
You kill the ice devil!
Dithmenos accepts your kill.
Your lightning spire is engulfed in freezing vapours.
Your guardian golem is engulfed in freezing vapours.
Your guardian golem explodes!
You hear a sizzling sound! x2
The fiery explosion engulfs your ice beast!
Your ice beast melts!
You hear a sizzling sound!
The fiery explosion engulfs you!! The fire burns you terribly!
You die...

##..# §§§ ####...#
##§§## ##..#..##
#§§○.# ##...#..#
#§.#.## # #.......#
##○##.°#☼#.
##..##.≈.#
#§.#....§..
#...###..#
#§§.§§.....
#..##.#.##
#8.§#...###
#..#....## #@Y.#
....§
#..##....###.Y.#
...§
##..#....##≈§§§###
.#§
#..##...##°°☼☼°.## #
##..#.)##°.#.....#
#..####..###..○....#
##.###...#
#.§○☼....# ##..#..##
##§○○°...# #....##
#.°§§..##


You could see 2 friendly ice beasts and a friendly lightning spire.

Vanquished Creatures
  An orc warlord (Bailey)
  Fannar (D:11)
  A two-headed ogre (D:9)
  Urug (Lair:1)
  A manticore (D:11)
  2 black mambas (Lair:1)
  A gargoyle (D:10)
  2 ice statues (IceCv)
  5 spiny frogs
  A rime drake (Lair:3)
  5 ice devils (IceCv)
  2 komodo dragons (Lair:1)
  3 blink frogs (Lair:2)
  Prince Ribbit (D:6)
  4 hippogriffs
  A vampire (D:11)
  11 yaks
  A steam dragon (D:11)
  A water moccasin (D:10)
  4 porcupines (Lair:1)
  Duvessa (D:6)
  2 orc warriors
  A black bear (Lair:2)
  2 ice beasts
  3 ogres
  A phantom (D:9)
  An eye of draining (D:8)
  5 centaurs
  Blork the orc (D:6)
  A big kobold (D:7)
  10 bullfrogs
  Dowan (D:6)
  A water moccasin skeleton (D:8)
  4 killer bees (D:7)
  2 wights (D:8)
  3 howler monkeys
  5 crimson imps
  A quasit (D:10)
  5 jellies
  11 orc wizards
  3 hounds
  2 orc priests (D:10)
  2 centaur skeletons
  7 iguanas
  4 bullfrog skeletons
  3 worker ants
  2 hound zombies
  A hound skeleton (D:4)
  8 gnolls
  6 adders
  A shadow imp (D:5)
  4 white imps (IceCv)
  5 ufetubi (IceCv)
  2 adder skeletons
  2 worms (D:2)
  4 dart slugs
  5 leopard geckos
  22 orcs
  2 giant cockroaches
  7 hobgoblins
  7 jackals
  18 kobolds
  6 quokkas
  5 ball pythons
  7 bats
  2 frilled lizards
  14 goblins
  A leopard gecko skeleton (D:5)
  A leopard gecko zombie (D:4)
  A quokka zombie (D:5)
  3 rats
267 creatures vanquished.

Vanquished Creatures (collateral kills)
  2 two-headed ogres (D:10)
  A black mamba (Lair:2)
  A spiny frog (Lair:2)
  A rime drake (Lair:3)
  2 komodo dragons (Lair:1)
  5 ice devils (IceCv)
  15 yaks
  A hungry ghost (D:7)
  3 orc warriors
  An ice beast (D:6)
  A necrophage (D:7)
  2 phantoms
  4 centaurs
  A wyvern zombie (D:10)
  A scorpion (D:8)
  A killer bee (D:7)
  5 wights
  A crimson imp (D:11)
  A hound (D:9)
  A jelly (D:9)
  An orc priest (D:10)
  A bullfrog skeleton (D:2)
  An iguana (D:5)
  2 orc wizards
  2 worker ants
  A hound zombie (D:9)
  A hound skeleton (D:9)
  A worker ant zombie (D:9)
  5 gnolls
  3 adders
  A shadow imp (D:8)
  6 white imps (IceCv)
  An adder zombie (D:8)
  9 orcs
  A ball python (D:1)
  A bat (D:2)
  4 goblins
  2 hobgoblins
  2 jackals
  2 quokkas
  A frilled lizard (D:1)
  8 kobolds
  2 rats
108 creatures vanquished.

Vanquished Creatures (others)
  A centaur zombie (D:9)
  3 yaks
  A jelly (D:9)
  A howler monkey zombie (D:7)
  2 white imps (IceCv)
  4 ufetubi (IceCv)
  A giant cockroach (D:3)
  A plant (Lair:1)
14 creatures vanquished.

Grand Total: 389 creatures vanquished

Notes
Turn   | Place    | Note
-------+----------+-------------------------------------------
     0 | D:1      | CrazyJ the Draconian Summoner began the quest for the Orb.
     0 | D:1      | Reached XP level 1. HP: 14/14 MP: 3/3
     1 | D:1      | Noticed an electric eel
   335 | D:1      | Reached XP level 2. HP: 10/22 MP: 5/5
   965 | D:2      | Reached skill level 1 in Fighting
  1130 | D:2      | Reached XP level 3. HP: 23/28 MP: 6/6
  1269 | D:2      | Learned a level 2 spell: Call Imp
  1273 | D:2      | Learned a level 3 spell: Call Canine Familiar
  1762 | D:2      | Reached XP level 4. HP: 28/35 MP: 3/7
  2606 | D:3      | Found a basalt altar of Yredelemnul.
  2671 | D:3      | Found a white marble altar of Elyvilon.
  2941 | D:3      | Reached skill level 1 in Shields
  3149 | D:3      | Reached skill level 1 in Short Blades
  3167 | D:3      | Reached XP level 5. HP: 38/41 MP: 8/8
  3184 | D:3      | Found an opulent altar of Gozag.
  3184 | D:3      | Found a blossoming altar of Fedhas.
  3185 | D:3      | Found a hide-covered altar of Uskayaw.
  3215 | D:3      | Learned a level 3 spell: Summon Guardian Golem
  3502 | D:4      | Noticed a centaur
  3508 | D:4      | Killed a centaur
  3508 | D:4      | Reached skill level 5 in Summonings
  3644 | D:4      | Reached XP level 6. HP: 28/48 MP: 6/10
  4181 | D:4      | Reached skill level 1 in Hexes
  4308 | D:4      | Found a shadowy altar of Dithmenos.
  4313 | D:4      | Became a worshipper of Dithmenos the Shadowed
  4317 | D:4      | Found a glowing silver altar of Zin.
  4329 | D:4      | Found a radiant altar of Vehumet.
  4388 | D:5      | Entered Level 5 of the Dungeon
  4682 | D:5      | Your scales start taking on a pale cyan-grey colour.
  4682 | D:5      | Reached XP level 7. HP: 43/56 MP: 11/11
  5042 | D:5      | Reached * piety under Dithmenos
  6096 | D:6      | Noticed Prince Ribbit
  6106 | D:6      | Noticed Blork the orc
  6119 | D:6      | Killed Blork the orc
  6119 | D:6      | Reached skill level 6 in Summonings
  6139 | D:6      | Killed Prince Ribbit
  6139 | D:6      | Reached XP level 8. HP: 28/63 MP: 9/13
  6815 | D:6      | Found a bloodstained altar of Trog.
  6883 | D:6      | Noticed Duvessa
  6888 | D:6      | Noticed Dowan
  6897 | D:6      | Killed Dowan
  6910 | D:6      | Killed Duvessa
  7675 | D:7      | Learned a level 4 spell: Summon Lightning Spire
  7820 | D:7      | Found a staircase to the Ecumenical Temple.
  7910 | D:7      | Found a sacrificial altar of Ru.
  8014 | D:7      | Reached skill level 1 in Air Magic
  8104 | D:7      | Reached XP level 9. HP: 61/71 MP: 6/15
  8180 | D:7      | Identified the cursed +0 chain mail of the Cricket {MR+
                  | Str+4}
  8186 | D:7      | Reached skill level 7 in Summonings
  8204 | D:7      | Reached skill level 5 in Short Blades
  8567 | D:7      | Found a hazy altar of Hepliaklqana.
  9049 | D:8      | Reached ** piety under Dithmenos
  9416 | D:8      | Found a burning altar of Makhleb.
  9836 | D:8      | Found a stormy altar of Qazlal.
  9920 | Temple   | Entered the Ecumenical Temple
 10247 | D:9      | Reached skill level 5 in Fighting
 10262 | D:9      | Found a transporter.
 10267 | D:9      | Noticed a cyclops
 10289 | D:9      | Found a transporter.
 10289 | D:9      | Found a transporter.
 10353 | D:9      | Found a transporter.
 10380 | D:9      | Found a flagged portal.
 10397 | Bailey   | Entered a bailey
 10403 | Bailey   | Noticed an orc warlord
 10514 | Bailey   | Reached *** piety under Dithmenos
 10554 | Bailey   | Found a runed translucent gate.
 10556 | Bailey   | Found a runed translucent gate.
 10559 | Bailey   | Found a runed translucent gate.
 10589 | Bailey   | Reached XP level 10. HP: 34/81 MP: 9/16
 10859 | Bailey   | Learned a level 4 spell: Summon Ice Beast
 10914 | Bailey   | Killed an orc warlord
 10914 | Bailey   | Reached skill level 8 in Summonings
 10914 | Bailey   | Reached skill level 1 in Ice Magic
 11104 | D:9      | Reached skill level 5 in Stealth
 11302 | D:9      | Reached skill level 5 in Spellcasting
 11409 | D:9      | Found a transporter.
 11425 | D:9      | Noticed a two-headed ogre
 11436 | D:9      | Killed a two-headed ogre
 11822 | D:9      | Learned a level 1 spell: Confusing Touch
 11931 | D:10     | Entered Level 10 of the Dungeon
 12079 | D:10     | Noticed a two-headed ogre
 12083 | D:10     | Killed a two-headed ogre
 12083 | D:10     | Reached skill level 5 in Dodging
 12083 | D:10     | Reached skill level 5 in Shields
 12090 | D:10     | Noticed a gargoyle
 12113 | D:10     | Killed a gargoyle
 12343 | D:10     | Reached XP level 11. HP: 81/89 MP: 10/18
 12345 | D:10     | Noticed a two-headed ogre
 12395 | D:10     | Killed a two-headed ogre
 12419 | D:10     | HP: 2/89 [yak (15)]
 12442 | D:10     | Reached **** piety under Dithmenos
 12762 | D:10     | Identified 4 scrolls of acquirement
 12785 | D:10     | Got a transparent amber ring
 12786 | D:10     | Identified the ring "Ycluasmu" {Ice rElec rPois rN+ Str-5}
                  | (You acquired it on level 10 of the Dungeon)
 12797 | D:10     | Got a pitted turquoise ring
 12798 | D:10     | Identified the ring of Fatigue {rElec rC+ MR+ AC+5} (You
                  | acquired it on level 10 of the Dungeon)
 12897 | D:10     | Found a staircase to the Orcish Mines.
 13129 | D:11     | Noticed Fannar
 13370 | D:11     | Found a staircase to the Lair.
 13423 | D:11     | Reached ***** piety under Dithmenos
 13539 | Lair:1   | Entered Level 1 of the Lair of Beasts
 13573 | Lair:1   | Noticed an oklob plant
 13639 | Lair:1   | Reached skill level 5 in Air Magic
 13819 | D:11     | Found Heisma's Armour Shoppe.
 13898 | D:11     | Noticed Harold
 13926 | D:11     | Killed Fannar
 13926 | D:11     | Reached skill level 9 in Summonings
 13926 | D:11     | Reached skill level 1 in Invocations
 14725 | Lair:1   | Reached skill level 5 in Hexes
 15078 | Lair:1   | Noticed Urug
 15108 | Lair:1   | Killed Urug
 15108 | Lair:1   | Reached XP level 12. HP: 50/100 MP: 19/21
 15569 | Lair:2   | Got an iridescent dagger
 15570 | Lair:2   | Identified the +5 dagger of the Sun {pierce, Fragile rC+
                  | MR++} (You found it on level 2 of the Lair of Beasts)
 16192 | Lair:2   | Learned a level 5 spell: Summon Mana Viper
 16407 | Lair:3   | Found a frozen archway.
 16464 | IceCv    | Entered an ice cave
 17611 | IceCv    | Killed from afar by a guardian golem

Skill      XL: |  1  2  3  4  5  6  7  8  9 10 11 12 |
---------------+-------------------------------------+-----
Dodging        | 2 3 4 5 6 |  6.2
Fighting       | 1 2 3 4 5 6 7 |  7.5
Shields        | 1 2 3 4 5 |  5.1
Short Blades   | 1 2 3 4 5 6 7 |  7.4
Stealth        | 2 3 4 5 6 |  6.7
Summonings     | 5 6 7 8 9 |  9.5
Hexes          | 1 2 3 4 5 |  5.3
Spellcasting   | 3 4 5 6 |  6.4
Air Magic      | 1 3 4 5 6 |  6.1
Ice Magic      | 2 4 |  4.7
Invocations    | 2 3 |  3.3
Polearms       | |  0.6

Action                   |  1- 3 |  4- 6 |  7- 9 | 10-12 || total
-------------------------+-------+-------+-------+-------++-------
Melee: Unarmed           |    25 |       |       |       ||    25
       Dagger            |    64 |       |       |       ||    64
       Tailslap          |     7 |    19 |    39 |    73 ||   138
       Spear             |    33 |    23 |       |       ||    56
       Rapier            |       |   180 |   387 |       ||   567
       Short sword       |       |       |    44 |   579 ||   623
       Double sword      |       |       |       |     4 ||     4
Throw: Stone             |       |       |     4 |     6 ||    10
 Cast: Summon Small Mamm |     5 |       |       |       ||     5
       Call Canine Famil |     4 |     9 |    19 |     6 ||    38
       Call Imp          |     1 |     3 |     3 |       ||     7
       Summon Guardian G |       |     1 |    13 |    10 ||    24
       Summon Lightning  |       |       |     5 |    26 ||    31
       Summon Ice Beast  |       |       |       |    33 ||    33
       Confusing Touch   |       |       |       |     7 ||     7
 Abil: Breathe Steam     |       |       |    12 |     5 ||    17
Evoke: Wand              |       |       |       |     2 ||     2
  Use: Potion            |       |     1 |     5 |     4 ||    10
       Scroll            |       |     2 |     9 |    15 ||    26
 Stab: Sleeping          |     4 |     4 |     3 |    11 ||    22
       Distracted        |     1 |       |     1 |     6 ||     8
       Paralysed         |       |       |     1 |       ||     1
       Confused          |       |       |       |     3 ||     3
  Eat: Chunk             |     3 |     6 |    11 |    25 ||    45
       Ration            |       |     2 |     3 |     2 ||     7
Armor: Skin              |    36 |    72 |   149 |   148 ||   405
Dodge: Dodged            |    71 |   116 |   341 |   333 ||   861
Block: Buckler           |     7 |    38 |   105 |   109 ||   259
       Rpst.: Double sword |       |       |       |     2 ||     2
